MLB
TORONTO BLUE JAYS @ CHICAGO WHITE SOX
05/15/2020
 
TOP OF THE 1ST
Toronto Blue Jays batting - Pitching for Chicago White Sox : RHP Brad Peacock
Pitching: RHP Brad Peacock
Batting: RHB Danny Mendick 0-0: Called Strike
0-1: Ball
1-1: SINGLE (Flyball, 6D, EV 89.4 MPH)
Batting: RHB Mauricio Dubon 0-0: Foul Ball, location: 2F
0-1: Ball
1-1: Called Strike
1-2: Ball
Danny Mendick steals 2nd base
2-2: Foul Ball, location: 2F
2-2: Strikes out swinging
Batting: RHB Kris Bryant 0-0: Called Strike
0-1: Foul Ball, location: 2F
0-2: Foul Ball, location: 2F
0-2: Ball
1-2: Ball
2-2: Ground out 1-3 (Groundball, P, EV 70.6 MPH)
Danny Mendick to third
Batting: SHB Josh Bell 0-0: Called Strike
0-1: Ball
1-1: Ball
2-1: Ball
3-1: Foul Ball, location: 2F
3-2: Foul Ball, location: 2F
3-2: Foul Ball, location: 2F
3-2: Base on Balls
Batting: RHB Jorge Soler 0-0: Foul Ball, location: 2F
0-1: Fly out, F7 (Line Drive, 7S, EV 93.1 MPH)
Top of the 1st over - 0 runs, 1 hit, 0 errors, 2 left on base; Toronto 0 - Chicago 0
BOTTOM OF THE 1ST
Chicago White Sox batting - Pitching for Toronto Blue Jays : RHP Brett Conine
Pitching: RHP Brett Conine
Batting: LHB Zack Granite 0-0: Called Strike
0-1: Ball
1-1: Called Strike
1-2: Fly out, F4 (Line Drive, 4, EV 75.0 MPH)
Batting: LHB Andrew Toles 0-0: Called Strike
0-1: Ball
1-1: Ground out U3 (Groundball, 34, EV 97.5 MPH)
Batting: RHB Todd Frazier 0-0: Foul Ball, location: 2F
0-1: Swinging Strike
0-2: Ball
1-2: Foul Ball, location: 2F
1-2: Fly out, F7 (Flyball, 7S, EV 73.8 MPH)
Bottom of the 1st over - 0 runs, 0 hits, 0 errors, 0 left on base; Toronto 0 - Chicago 0
TOP OF THE 2ND
Toronto Blue Jays batting - Pitching for Chicago White Sox : RHP Brad Peacock
Batting: RHB Robinson Chirinos 0-0: DOUBLE (Flyball, 8RXD, EV 115.0 MPH)
Batting: LHB Donovan Walton 0-0: Ball
1-0: Ball
2-0: Called Strike
2-1: Ball
3-1: Base on Balls
Pitching: LHP Anderson Severino
Batting: RHB Enrique Hernandez 0-0: Ball
1-0: Ball
2-0: Foul Ball, location: 2F
2-1: SINGLE (Groundball, 6MD, EV 100.0 MPH)
Robinson Chirinos to third
Donovan Walton to second
Batting: RHB Keon Broxton 0-0: Ball
1-0: Foul Ball, location: 2F
1-1: Called Strike
1-2: Ball
2-2: Strikes out swinging
Batting: RHB Danny Mendick 0-0: Ball
1-0: Ball
2-0: Called Strike
2-1: Foul Ball, location: 2F
2-2: Foul Ball, location: 2F
2-2: Foul Ball, location: 2F
2-2: Ball
3-2: Fly out, F7 (Flyball, 7D, EV 101.3 MPH)
Runner from 3rd tags up, SCORES, throw by LF
Donovan Walton to third
Batting: RHB Mauricio Dubon 0-0: Ball
1-0: SINGLE (Groundball, 56S, EV 64.4 MPH) (infield hit)
Donovan Walton scores
Enrique Hernandez to second
Batting: RHB Kris Bryant 0-0: Called Strike
0-1: Foul Ball, location: 2F
0-2: Fly out, F8 (Flyball, 8RXD, EV 86.9 MPH)
Top of the 2nd over - 2 runs, 3 hits, 0 errors, 2 left on base; Toronto 2 - Chicago 0
BOTTOM OF THE 2ND
Chicago White Sox batting - Pitching for Toronto Blue Jays : RHP Brett Conine
Batting: LHB Stephen Vogt 0-0: Called Strike
0-1: Ground out U3 (Groundball, 3, EV 86.9 MPH)
Batting: LHB Jason Heyward 0-0: SOLO HOME RUN (Flyball, 9LD, EV 110.6 MPH), Distance : 373 ft
Batting: LHB Nick Gordon 0-0: Ball
1-0: Called Strike
1-1: Ground out 6-3 (Groundball, 6, EV 79.4 MPH)
Batting: LHB Charlie Tilson 0-0: Ball
1-0: Called Strike
1-1: Swinging Strike
1-2: Ground out 4-3 (Groundball, 4, EV 96.9 MPH)
Bottom of the 2nd over - 1 run, 1 hit, 0 errors, 0 left on base; Toronto 2 - Chicago 1
TOP OF THE 3RD
Toronto Blue Jays batting - Pitching for Chicago White Sox : LHP Anderson Severino
Batting: SHB Josh Bell 0-0: Foul Ball, location: 2F
0-1: SOLO HOME RUN (Flyball, 7D, EV 109.4 MPH), Distance : 375 ft
Batting: RHB Jorge Soler 0-0: Called Strike
0-1: Ball
1-1: Foul Ball, location: 2F
1-2: Ball
2-2: Foul Ball, location: 2F
2-2: Foul Ball, location: 2F
2-2: Ball
3-2: Foul Ball, location: 2F
3-2: Ground out 5-3 (Groundball, 56, EV 101.3 MPH)
Batting: RHB Robinson Chirinos 0-0: Called Strike
0-1: Called Strike
0-2: Foul Ball, location: 2F
0-2: Ball
1-2: Strikes out swinging
Batting: LHB Donovan Walton 0-0: Called Strike
0-1: Ball
1-1: Foul Ball, location: 2F
1-2: Ground out 5-3 (Groundball, 5, EV 84.4 MPH)
Top of the 3rd over - 1 run, 1 hit, 0 errors, 0 left on base; Toronto 3 - Chicago 1
BOTTOM OF THE 3RD
Chicago White Sox batting - Pitching for Toronto Blue Jays : RHP Brett Conine
Batting: RHB Wilfredo Tovar 0-0: Ball
1-0: Fly out, F8 (Flyball, 89D, EV 105.6 MPH)
Batting: RHB A.J. Simcox 0-0: Ball
1-0: Foul Ball, location: 2F
1-1: Foul Ball, location: 2F
1-2: Foul Ball, location: 2F
1-2: Ground out 5-3 (Groundball, 56, EV 84.4 MPH)
Batting: LHB Zack Granite 0-0: Ball
1-0: Ball
2-0: Ball
3-0: Base on Balls
Batting: LHB Andrew Toles 0-0: Called Strike
0-1: Hit by Pitch
Zack Granite to second
Batting: RHB Todd Frazier 0-0: Called Strike
0-1: Ball
1-1: Foul Ball, location: 2F
1-2: SINGLE (Groundball, 56D, EV 106.9 MPH)
Zack Granite to third
Andrew Toles to second
Runner from 3rd tries for Home, SAFE, throw by LF to home
Batting: LHB Stephen Vogt 0-0: Called Strike
0-1: Fly out, F2 (Popup, 2RF, EV 93.8 MPH)
Bottom of the 3rd over - 1 run, 1 hit, 0 errors, 2 left on base; Toronto 3 - Chicago 2
TOP OF THE 4TH
Toronto Blue Jays batting - Pitching for Chicago White Sox : LHP Anderson Severino
Batting: RHB Enrique Hernandez 0-0: SOLO HOME RUN (Flyball, 7D, EV 112.5 MPH), Distance : 383 ft
Pitching: RHP Trey Cochran-Gill
Batting: RHB Keon Broxton 0-0: Swinging Strike
0-1: Swinging Strike
0-2: Ball
1-2: Foul Ball, location: 2F
1-2: Ball
2-2: Foul Ball, location: 2F
2-2: SINGLE (Groundball, 56D, EV 96.3 MPH)
Batting: RHB Danny Mendick 0-0: Called Strike
0-1: Called Strike
0-2: Strikes out swinging
Batting: RHB Mauricio Dubon 0-0: Called Strike
Keon Broxton is caught stealing 2nd base 2-4
0-1: Ball
1-1: Fly out, F3 (Popup, 3, EV 75.0 MPH)
Top of the 4th over - 1 run, 2 hits, 0 errors, 0 left on base; Toronto 4 - Chicago 2
BOTTOM OF THE 4TH
Chicago White Sox batting - Pitching for Toronto Blue Jays : RHP Brett Conine
Batting: LHB Jason Heyward 0-0: Ball
1-0: Ball
2-0: Called Strike
2-1: Ball
3-1: Called Strike
3-2: Base on Balls
Batting: LHB Nick Gordon 0-0: Ball
1-0: Swinging Strike
1-1: Ball
2-1: Foul Ball, location: 2F
2-2: Strikes out swinging
Pitching: RHP Alec Bettinger
Batting: LHB Charlie Tilson 0-0: Called Strike
0-1: Ball
1-1: Ball
2-1: Fielders Choice at 2nd, 5-4 (Groundball, 5S, EV 78.8 MPH)
Batting: RHB Wilfredo Tovar 0-0: Ball
1-0: Ground out 4-3 (Groundball, 4, EV 86.3 MPH)
Bottom of the 4th over - 0 runs, 0 hits, 0 errors, 1 left on base; Toronto 4 - Chicago 2
TOP OF THE 5TH
Toronto Blue Jays batting - Pitching for Chicago White Sox : RHP Trey Cochran-Gill
Batting: RHB Kris Bryant 0-0: Called Strike
0-1: Reached on error, E5 (Groundball, 5, EV 108.1 MPH)
Batting: SHB Josh Bell 0-0: Ball
1-0: Grounds into double play, 4-6-3 (Groundball, 34, EV 80.6 MPH)
Batting: RHB Jorge Soler 0-0: Called Strike
0-1: Foul Ball, location: 2F
0-2: Strikes out looking
Top of the 5th over - 0 runs, 0 hits, 1 error, 0 left on base; Toronto 4 - Chicago 2
BOTTOM OF THE 5TH
Chicago White Sox batting - Pitching for Toronto Blue Jays : RHP Alec Bettinger
Batting: RHB A.J. Simcox 0-0: Ball
1-0: Ground out 4-3 (Groundball, 4, EV 91.3 MPH)
Batting: LHB Zack Granite 0-0: Called Strike
0-1: Ball
1-1: Ball
2-1: Called Strike
2-2: Ball
3-2: Fly out, F4 (Flyball, 34D, EV 86.9 MPH)
Batting: LHB Andrew Toles 0-0: Ball
1-0: Ball
2-0: Called Strike
2-1: Foul Ball, location: 2F
2-2: Foul Ball, location: 2F
2-2: SOLO HOME RUN (Flyball, 89XD, EV 109.4 MPH), Distance : 414 ft
Batting: RHB Todd Frazier 0-0: Called Strike
0-1: Ball
1-1: SOLO HOME RUN (Line Drive, 7D, EV 98.1 MPH), Distance : 378 ft
Batting: LHB Stephen Vogt 0-0: Ball
1-0: Foul Ball, location: 2F
1-1: Ball
2-1: Swinging Strike
2-2: Strikes out swinging
Bottom of the 5th over - 2 runs, 2 hits, 0 errors, 0 left on base; Toronto 4 - Chicago 4
TOP OF THE 6TH
Toronto Blue Jays batting - Pitching for Chicago White Sox : RHP Trey Cochran-Gill
Batting: RHB Robinson Chirinos 0-0: Ball
1-0: SINGLE (Flyball, 8LS, EV 86.3 MPH)
Batting: LHB Donovan Walton 0-0: Foul Ball, location: 2F
0-1: Ball
1-1: 2-RUN HOME RUN (Flyball, 9LD, EV 93.1 MPH), Distance : 353 ft
Batting: RHB Enrique Hernandez 0-0: DOUBLE (Line Drive, 89XD, EV 110.0 MPH)
Batting: RHB Keon Broxton 0-0: Foul Ball, location: 2F
0-1: Swinging Strike
0-2: Ball
1-2: SINGLE (Groundball, 5S, EV 58.8 MPH) (infield hit)
Enrique Hernandez to third
Batting: RHB Danny Mendick 0-0: Ball
1-0: Ball
2-0: Called Strike
2-1: Fielders Choice at 2nd, 4-6 (Groundball, 4MD, EV 103.1 MPH)
Enrique Hernandez scores
Pitching: RHP Bryan Shaw
Batting: RHB Mauricio Dubon 0-0: Ball
1-0: Grounds into double play, 5-4-3 (Groundball, 5L, EV 80.0 MPH)
Top of the 6th over - 3 runs, 4 hits, 0 errors, 0 left on base; Toronto 7 - Chicago 4
BOTTOM OF THE 6TH
Chicago White Sox batting - Pitching for Toronto Blue Jays : RHP Alec Bettinger
Batting: LHB Jason Heyward 0-0: Ball
1-0: Ball
2-0: Called Strike
2-1: Ball
3-1: Called Strike
3-2: Foul Ball, location: 2F
3-2: Base on Balls
Pitching: RHP Danny Barnes
Batting: LHB Nick Gordon 0-0: Called Strike
0-1: Called Strike
0-2: Ball
1-2: Foul Ball, location: 2F
1-2: Foul Ball, location: 2F
1-2: Fly out, F8 (Line Drive, 8RD, EV 92.5 MPH)
Batting: LHB Charlie Tilson 0-0: Ball
1-0: Called Strike
1-1: Grounds out, U3 (Groundball, 3L, EV 98.8 MPH)
Batting: RHB Wilfredo Tovar 0-0: Called Strike
0-1: Ground out 6-3 (Groundball, 6, EV 87.5 MPH)
Bottom of the 6th over - 0 runs, 0 hits, 0 errors, 1 left on base; Toronto 7 - Chicago 4
TOP OF THE 7TH
Toronto Blue Jays batting - Pitching for Chicago White Sox : RHP Bryan Shaw
Batting: RHB Kris Bryant 0-0: Ball
1-0: Called Strike
1-1: Swinging Strike
1-2: Ball
2-2: Foul Ball, location: 2F
2-2: Ball
3-2: Strikes out swinging
Batting: SHB Josh Bell 0-0: Foul Ball, location: 2F
0-1: Ground out 5-3 (Groundball, 15, EV 92.5 MPH)
Batting: RHB Jorge Soler 0-0: Ball
1-0: Ball
2-0: Swinging Strike
2-1: Ball
3-1: Foul Ball, location: 2F
3-2: Foul Ball, location: 2F
3-2: Strikes out swinging
Top of the 7th over - 0 runs, 0 hits, 0 errors, 0 left on base; Toronto 7 - Chicago 4
BOTTOM OF THE 7TH
Chicago White Sox batting - Pitching for Toronto Blue Jays : RHP Danny Barnes
Pitching: RHP Trevor Rosenthal
Batting: RHB A.J. Simcox 0-0: Ball
1-0: Called Strike
1-1: Ball
2-1: Foul Ball, location: 2F
2-2: Ball
3-2: Base on Balls
Batting: LHB Zack Granite 0-0: Foul Ball, location: 2F
0-1: Foul Ball, location: 2F
0-2: Ball
1-2: Ball
2-2: Fly out, F8 (Flyball, 78XD, EV 106.9 MPH)
Batting: LHB Andrew Toles 0-0: Called Strike
0-1: Fly out, F9 (Flyball, 9LD, EV 81.9 MPH)
Batting: RHB Todd Frazier 0-0: Called Strike
0-1: 2-RUN HOME RUN (Flyball, 78XD, EV 98.1 MPH), Distance : 386 ft
Batting: LHB Stephen Vogt 0-0: Ball
1-0: Ball
2-0: Ball
3-0: Called Strike
3-1: Base on Balls
Batting: LHB Jason Heyward 0-0: Ball
1-0: Foul Ball, location: 2F
1-1: Called Strike
1-2: Ball
2-2: Ball
3-2: Base on Balls
Stephen Vogt to second
Pitching: RHP JC Ramirez
Batting: LHB Nick Gordon 0-0: 3-RUN HOME RUN (Flyball, 9D, EV 110.0 MPH), Distance : 385 ft
Batting: LHB Charlie Tilson 0-0: Ball
1-0: Swinging Strike
1-1: Ball
2-1: Ball
3-1: Fly out, F5 (Line Drive, 5, EV 72.5 MPH)
Bottom of the 7th over - 5 runs, 2 hits, 0 errors, 0 left on base; Toronto 7 - Chicago 9
TOP OF THE 8TH
Toronto Blue Jays batting - Pitching for Chicago White Sox : RHP Bryan Shaw
Pitching: RHP Trevor Gott
Batting: RHB Robinson Chirinos 0-0: Ball
1-0: Foul Ball, location: 2F
1-1: Ball
2-1: Swinging Strike
2-2: Strikes out looking
Batting: LHB Donovan Walton 0-0: Called Strike
0-1: Ball
1-1: Ground out U3 (Groundball, 3, EV 89.4 MPH)
Batting: RHB Enrique Hernandez 0-0: Ball
1-0: Swinging Strike
1-1: Ball
2-1: Ground out 4-3 (Groundball, 4, EV 101.9 MPH)
Top of the 8th over - 0 runs, 0 hits, 0 errors, 0 left on base; Toronto 7 - Chicago 9
BOTTOM OF THE 8TH
Chicago White Sox batting - Pitching for Toronto Blue Jays : RHP JC Ramirez
Batting: RHB Wilfredo Tovar 0-0: Called Strike
0-1: Called Strike
0-2: Ball
1-2: Ball
2-2: Strikes out swinging
Batting: RHB A.J. Simcox 0-0: Ball
1-0: Called Strike
1-1: Swinging Strike
1-2: Ball
2-2: DOUBLE (Flyball, 78XD, EV 102.5 MPH)
Batting: LHB Zack Granite 0-0: Called Strike
0-1: Ground out 4-3 (Groundball, 4, EV 103.1 MPH)
A.J. Simcox to third
Batting: LHB Andrew Toles 0-0: SINGLE (Line Drive, 9S, EV 108.1 MPH)
A.J. Simcox scores
Batting: RHB Todd Frazier 0-0: Ball
1-0: Ball
2-0: Ball
3-0: Base on Balls
Andrew Toles to second
Batting: LHB Stephen Vogt 0-0: Called Strike
0-1: Ball
1-1: Swinging Strike
1-2: Ball
2-2: Foul Ball, location: 2F
2-2: Strikes out swinging
Bottom of the 8th over - 1 run, 2 hits, 0 errors, 2 left on base; Toronto 7 - Chicago 10
TOP OF THE 9TH
Toronto Blue Jays batting - Pitching for Chicago White Sox : RHP Trevor Gott
Pitching: RHP Addison Reed
Batting: RHB Keon Broxton 0-0: Ball
1-0: Ball
2-0: Foul Ball, location: 2F
2-1: Foul Ball, location: 2F
2-2: Strikes out swinging
Batting: RHB Danny Mendick 0-0: Ball
1-0: Called Strike
1-1: Foul Ball, location: 2F
1-2: Ball
2-2: Foul Ball, location: 2F
2-2: Foul Ball, location: 2F
2-2: Foul Ball, location: 2F
2-2: Foul Ball, location: 2F
2-2: Ball
3-2: Strikes out swinging
Batting: RHB Mauricio Dubon 0-0: SINGLE (Groundball, 6S, EV 68.1 MPH) (infield hit)
Batting: RHB Kris Bryant 0-0: Fielders Choice at 2nd, 5-4 (Groundball, 5, EV 97.5 MPH)
Top of the 9th over - 0 runs, 1 hit, 0 errors, 1 left on base; Toronto 7 - Chicago 10
Monday, July 6th, 2020 - OOTP Baseball 21.4 Build 63